 Dungeon Crawl Stone Soup version 0.28.0-49-g6dfe1f597d (webtiles) character file.

Game seed: 774877292888323319

2070 NinjaNoafa the Ruffian (level 5, -2/76 (81) HPs)
             Began as a Troll Fighter on May 11, 2022.
             Was a Priest of Ru.
             Slain by a killer bee (4 damage)
             ... on level 8 of the Dungeon.
             The game lasted 00:13:48 (5016 turns).

NinjaNoafa the Ruffian (Troll Fighter)              Turns: 5016, Time: 00:13:49

HP:   -2/76 (81)    AC: 26    Str: 27    XL:     5   Next: 5%
MP:   4/4           EV:  1    Int:  4    God:    Ru [***...]
Gold: 207           SH: 11    Dex: 11    Spells: 4/4 levels left

rFire   . . .      SeeInvis .     - Unarmed
rCold   . . .      Faith    .   b - +2 kite shield
rNeg    . . .      Spirit   .   (armour currently unavailable)
rPois   +          Reflect  .   (helmet currently unavailable)
rElec   .          Harm     .   (cloak currently unavailable)
rCorr   .          Rampage  .   (gloves unavailable)
Will    .....      NoTele   +   (boots unavailable)
Stlth   +.........              (no amulet)
HPRegen 1.02/turn               n - +4 ring of protection
MPRegen 0.09/turn               (no ring)

@: lethally poisoned (-2 -> -6), exhausted, tree-form, studying Polearms,
drained
A: stationary, stasis, torment immunity, boosted hp, large, unfitting armour,
(claws 3), regeneration 1, (shaggy fur 1), (tough skin 1), inexperienced 2,
strong 1, subdued magic 1
a: Renounce Religion, Draw Out Power


You were on level 8 of the Dungeon.
You worshipped Ru.
Ru was most pleased with you.
You were a tree.
You visited 2 branches of the dungeon, and saw 9 of its levels.

You collected 396 gold pieces.
You spent 189 gold pieces at shops.

Inventory:

Hand Weapons
 v - the +10 dagger of Past Mistakes {vamp, *Corrode Int+10 SInv Stlth+}
   (You found it on level 6 of the Dungeon)

   It occasionally heals its wielder for a portion of the damage dealt when it
   wounds a living foe.
   Int:       It affects your intelligence (+10).
   SInv:      It lets you see invisible.
   *Corrode:  It may corrode you when you take damage.
   Stlth:     It makes you more stealthy.
Missiles
 a - a throwing net (quivered)
 h - 215 stones
 o - 5 atropa-tipped darts
Armour
 b - a +2 kite shield (worn)
 i - a +2 robe of positive energy
 p - a +0 cloak (melded)
 u - a +2 robe of willpower (melded)
Jewellery
 n - a +4 ring of protection (left branch)
Wands
 c - a wand of digging (4)
 x - a wand of acid (6)
Scrolls
 e - 2 scrolls of blinking
 f - 2 scrolls of identify
 g - a scroll of vulnerability
 j - a scroll of silence
 q - 2 scrolls of brand weapon
 r - 5 scrolls of teleportation {unknown}
 s - 2 scrolls of torment {unknown}
 t - a scroll of fear {unknown}
 y - a scroll of acquirement {unknown}
Potions
 d - a potion of degeneration
 l - a potion of lignification
 m - a potion of attraction


   Skills:
 * Level 4.0 Fighting
 - Level 1.8 Short Blades
 + Level 5.9 Dodging
 + Level 5.9 Shields
 + Level 6.3 Unarmed Combat


You had 4 spell levels left.
You didn't know any spells.
Your spell library contained the following spells:

 Spells                   Type           Power      Damage    Failure   Level
 Animate Skeleton         Necr           0%         N/A       73%         1
 Apportation              Tloc           0%         N/A       73%         1
 Pain                     Necr           0%         1d4       73%         1
 Summon Small Mammal      Summ           0%         N/A       73%         1
 Sublimation of Blood     Necr           0%         N/A       86%         2
 Wereblood                Tmut           0%         N/A       86%         2
 Confusing Touch          Hex            0%         N/A       98%         3
 Gell's Gravitas          Tloc           0%         N/A       98%         3
 Lesser Beckoning         Tloc           0%         N/A       98%         3
 Ozocubu's Armour         Ice            0%         N/A       98%         3
 Teleport Other           Tloc           0%         N/A       98%         3
 Vampiric Draining        Necr           0%         2d6       98%         3
 Yara's Violent Unravell  Hex/Tmut       0%         3d3       100%        5
 Enfeeble                 Hex            0%         N/A       100%        7
 Ozocubu's Refrigeration  Ice            0%         4d5       100%        7
 Summon Hydra             Summ           0%         N/A       100%        7


Dungeon Overview and Level Annotations

Branches:
Dungeon (8/15)             Temple (1/1) D:7
   Lair: D:8-11

Altars:
Ashenzari
Cheibriados
Dithmenos
Elyvilon
Fedhas
Hepliaklqana
Kikubaaqudgha
Makhleb
Okawaru
Qazlal
Ru
Sif Muna
Trog
Uskayaw
Wu Jian
Xom
Yredelemnul
Zin
The Shining One

Shops:
D:1 (   D:3 [   D:4 ?==*[:


Innate Abilities, Weirdness & Mutations

You are a tree.
Your roots penetrate the ground, keeping you stationary.
You cannot be teleported.
You are immune to unholy pain and torment.
Your maximum health is greatly increased.
Your equipment is partially melded.
You are too large for most types of armour.
((You have claws for hands.))
Your natural rate of healing is unusually fast.
((You are covered in fur. (AC +1)))
((You have tough skin. (AC +1)))
You are inexperienced. (-4 XL)
Your muscles are strong. (Str +2)
Your spells are a little easier to cast, but a little less powerful.


Message History

The killer bee stings you but does no damage. x4
The killer bee stings you. You block the killer bee's attack.
The killer bee stings you but does no damage. x3
You miss the killer bee.
The killer bee is moderately wounded.
You feel sick.
You are no longer poisoned.
The killer bee stings you but does no damage. x5
You block the killer bee's attack.
The killer bee stings you but does no damage.
You block the killer bee's attack.
The killer bee stings you but does no damage. x3
The killer bee is stunned by your conviction and fails to attack.
You hit the killer bee but do no damage.
The killer bee is moderately wounded.
You are no longer corroded.
The killer bee completely misses you. You block the killer bee's attack.
The killer bee stings you but does no damage. x2
The killer bee stings you. You block the killer bee's attack.
The killer bee stings you but does no damage. x2
The killer bee stings you.
* * * LOW HITPOINT WARNING * * *
The killer bee stings you but does no damage. x2
The killer bee stings you.
* * * LOW HITPOINT WARNING * * *
The killer bee stings you but does no damage.
You completely miss the killer bee.
The killer bee is moderately wounded.
The killer bee stings you.
* * * LOW HITPOINT WARNING * * *
The killer bee stings you but does no damage. x2
The killer bee stings you.
* * * LOW HITPOINT WARNING * * *
You are poisoned.
The killer bee poisons you! The killer bee stings you!
* * * LOW HITPOINT WARNING * * *
You block the killer bee's attack.
The killer bee stings you but does no damage. x3
The killer bee stings you.
You die...

......#. #....#......
#.# #...... #...... ....
#.#. #.....##...........
.[..##..y..#....##......
........##............#
..z....y.....###...# #
##.z##y#..........#..
#.yyy##....#.###....
#yy♣y.#.>.###.......
#.yy.....##......##.
+.....#..#..........
#.........<..###.##.
#........#....# .#
#...##.#####...# .
#####.......# #..... .
............####..#...#.
..............#..##...#


You could see a hornet, 9 killer bees and 2 wights.

Vanquished Creatures
  A water moccasin (D:5)
  A black bear (D:7)
  An orc warrior (D:6)
  An ice beast (D:5)
  3 sky beasts
  A necrophage (D:6)
  2 ogres
  A centaur (D:7)
  2 scorpions
  A bullfrog (D:6)
  A killer bee (D:4)
  4 howler monkeys
  A bullfrog zombie (D:6)
  3 jellies
  An orc priest (D:3)
  2 centaur zombies
  2 hounds
  2 bullfrog skeletons
  Jessica (D:2)
  A centaur skeleton (D:7)
  3 iguanas
  An orc wizard (D:6)
  A killer bee zombie (D:6)
  A hound skeleton (D:4)
  3 howler monkey skeletons
  4 adders
  A shadow imp (D:7)
  A white imp (D:6)
  An ufetubus (D:6)
  An adder zombie (D:5)
  3 worms
  3 dart slugs
  19 orcs
  10 ball pythons
  An endoplasm (D:4)
  2 giant cockroaches (D:4)
  9 goblins
  9 hobgoblins
  2 quokkas
  4 bats
  A frilled lizard (D:1)
  8 kobolds
  10 rats
130 creatures vanquished.

Vanquished Creatures (others)
  6 fungi (D:5)
6 creatures vanquished.

Grand Total: 136 creatures vanquished

Notes
Turn   | Place    | Note
-------+----------+-------------------------------------------
     0 | D:1      | NinjaNoafa the Troll Fighter began the quest for the Orb.
     0 | D:1      | Reached XP level 1. HP: 22/22 MP: 0/0
   174 | D:1      | Found Wuchun's Weapon Emporium.
   328 | D:1      | Found a faded altar of an unknown god.
   437 | D:1      | Reached XP level 2. HP: 29/29 MP: 1/1
   596 | D:2      | Reached skill level 3 in Unarmed Combat
   695 | D:2      | Reached XP level 3. HP: 36/36 MP: 2/2
   941 | D:2      | Noticed Jessica
   949 | D:2      | Killed Jessica
   950 | D:2      | Reached XP level 4. HP: 43/45 MP: 3/3
  1184 | D:3      | Found a sacrificial altar of Ru.
  1197 | D:3      | Became a worshipper of Ru the Awakened
  1258 | D:3      | Reached XP level 5. HP: 45/54 MP: 4/4
  1304 | D:3      | Found Baffegugh's Antique Armour Emporium.
  1560 | D:3      | Reached skill level 4 in Unarmed Combat
  1676 | D:4      | Found Zustreedd's Armour Emporium.
  1676 | D:4      | Found Itiutoup's Assorted Antiques.
  1694 | D:4      | Found Syrphech's Book Shoppe.
  1785 | D:4      | Found Uxyomuc's Magic Scroll Boutique.
  1809 | D:4      | Bought a scroll of identify for 28 gold pieces
  1850 | D:4      | You fall into a shaft and drop 2 floors!
  1874 | D:6      | Found a burning altar of Makhleb.
  1896 | D:5      | Entered Level 5 of the Dungeon
  2006 | D:5      | Gained mutation: Your muscles are strong. (Str +2) [potion
                  | of mutation]
  2006 | D:5      | Gained mutation: Your spells are a little easier to cast,
                  | but a little less powerful. [potion of mutation]
  2008 | D:5      | Found a snail-covered altar of Cheibriados.
  2011 | D:5      | Reached XP level 6. HP: 62/62 MP: 5/5
  2122 | D:4      | Reached skill level 5 in Unarmed Combat
  2203 | D:4      | Noticed a sky beast
  2207 | D:4      | Found a hide-covered altar of Uskayaw.
  2214 | D:4      | Killed a sky beast
  2225 | D:4      | Gained mutation: You are somewhat inexperienced. (-2 XL)
                  | [Ru sacrifice]
  2225 | D:4      | Reached XP level 5. HP: 54/54 MP: 4/4
  2225 | D:4      | Reached XP level 4. HP: 48/48 MP: 3/3
  2225 | D:4      | Reached * piety under Ru
  2225 | D:4      | Reached ** piety under Ru
  2297 | D:4      | Reached XP level 5. HP: 54/54 MP: 4/4
  2304 | D:4      | Found Umo Gini's Jewellery Shoppe.
  2324 | D:4      | Bought a +2 robe of positive energy for 161 gold pieces
  2389 | D:4      | Found Vigur's Jewellery Shop.
  2602 | D:5      | Found a blossoming altar of Fedhas.
  2660 | D:5      | Found an iron altar of Okawaru.
  2677 | D:5      | Found a hazy altar of Hepliaklqana.
  3068 | D:5      | Reached XP level 6. HP: 62/62 MP: 5/5
  3428 | D:6      | Reached skill level 6 in Unarmed Combat
  3487 | D:6      | Reached skill level 5 in Shields
  3490 | D:6      | Reached skill level 5 in Dodging
  3654 | D:6      | Found a white marble altar of Elyvilon.
  3919 | D:6      | Identified the +10 dagger of Past Mistakes {vamp, *Corrode
                  | Int+10 SInv Stlth+}
  4298 | D:7      | Reached skill level 1 in Short Blades
  4326 | D:7      | Found a staircase to the Ecumenical Temple.
  4356 | D:7      | Gained mutation: You are inexperienced. (-4 XL) [Ru
                  | sacrifice]
  4356 | D:7      | Reached XP level 5. HP: 54/54 MP: 4/4
  4356 | D:7      | Reached XP level 4. HP: 48/48 MP: 3/3
  4356 | D:7      | Reached *** piety under Ru
  4395 | D:7      | Reached XP level 5. HP: 54/54 MP: 4/4
  4575 | D:7      | Found a broken altar of Ashenzari.
  4722 | Temple   | Entered the Ecumenical Temple
  5016 | D:8      | HP: 2/76 [killer bee (7)]
  5016 | D:8      | Slain by a killer bee

Illustrated notes

Levels and vault maps discovered:
D:1:      minmay_arrival_open_corners, layout_basic, serial_shops,
          nicolae_shop_bloodbath_and_beyond, shapermc_ecumenical_altar_petra,
          minmay_tall_x
D:2:      layout_basic, uniq_jessica
D:3:      layout_rooms, mainiacjoe_overflow_cross_hatched, serial_shops,
          nicolae_shop_trees
D:4:      layout_basic, nicolae_uskayaw_murder_on_the_dancefloor, serial_shops,
          kennysheep_mini_moat, shop, kennysheep_little_box,
          nicolae_stop_n_shop_2, nicolae_shop_crystal, nicolae_stop_n_shop_2,
          minmay_manual_mail
D:5:      layout_loops_corners, mainiacjoe_overflow_boulevard,
          mainiacjoe_overflow_large_starburst, slow_altar_1,
          minmay_misc_feat_columns
D:6:      layout_loops_corners, lemuel_crystal_altar, amcnicky_altar_gilded,
          roderic_roman_lattice
D:7:      layout_cave_pools, evilmike_ruin_ashenzari,
          minmay_temple_entry_slanted
D:8:      layout_cave_pools, mainiacjoe_overflow_surrounded_room,
          lair_entry_dummy, grunt_tough_drop
Temple:   dpeg_chambers_temple

Skill      XL: |  1  2  3  4  5  6 |
---------------+-------------------+-----
Unarmed Combat | 3 4 6 |  6.3
Fighting       | 3 4 |  4.0
Dodging        | 4 5 |  5.9
Shields        | 4 5 |  5.9
Short Blades   | 1 |  1.8

Action                   |  1- 3 |  4- 6 || total
-------------------------+-------+-------++-------
Melee: Unarmed           |    99 |   255 ||   354
       Dagger            |       |    64 ||    64
Throw: Stone             |       |    40 ||    40
       Throwing net      |       |     1 ||     1
Invok: Sacrifice Experie |       |     2 ||     2
       Draw Out Power    |       |     1 ||     1
  Use: Potion            |     1 |     7 ||     8
       Scroll            |       |     9 ||     9
 Stab: Sleeping          |       |     1 ||     1
Armor: Robe              |    38 |   137 ||   175
       Skin              |       |    67 ||    67
Dodge: Dodged            |    41 |   144 ||   185
Block: Kite shield       |    38 |   175 ||   213
